 Dungeon Crawl Stone Soup version 0.31-a0-662-g684573625c (webtiles) character file.

Game seed: 8031940890326534338

537 cforsyth the Trooper (level 7, -1/56 HPs)
             Began as a Djinni Cinder Acolyte on Sept 1, 2023.
             Was a High Priest of Ignis.
             Slain by an iguana (7 damage)
             ... on level 5 of the Dungeon.
             The game lasted 00:05:15 (4325 turns).

cforsyth the Trooper (Djinni Cinder Acolyte)        Turns: 4325, Time: 00:05:16

Health: -1/56      AC:  4    Str: 13    XL:     7   Next: 50%
Gold:   203        EV: 11    Int: 17    God:    Ignis [*****.] SH:  0 Dex:  9

rFire   + + +        a - -1 falchion (flame)
rCold   x . .        (no shield)
rNeg    . . .        b - +0 robe
rPois   ∞            (no helmet)
rElec   .            d - +0 cloak
rCorr   .            c - +0 pair of gloves
SInv    .            (boots unavailable)
Will    .....        (no amulet)
Stlth   +            (no ring)
HPRegen 0.29/turn    (no ring)
MPRegen 0.00/turn

%: infuse magic (-2 HP)
@: flying
A: sickness immunity, fire resistance 2, cold vulnerability 1, float, innate
caster, HP casting, extra vitality 1
a: Renounce Religion, Fiery Armour, Foxfire Swarm, Rising Flame


You were on level 5 of the Dungeon.
You worshipped Ignis.
Ignis was extremely pleased with you.
You visited 1 branch of the dungeon, and saw 5 of its levels.

You collected 203 gold pieces.

Inventory:

Hand Weapons
 a - a -1 falchion of flaming (weapon)
Armour
 b - a +0 robe (worn)
 c - a +0 pair of gloves (worn)
 d - a +0 cloak (worn)
Wands
 n - a wand of quicksilver (13)
Scrolls
 g - 5 scrolls of teleportation {unknown}
 h - a scroll of immolation {unknown}
 j - 2 scrolls of identify {unknown}
 k - a scroll of revelation {unknown}
 o - a scroll of poison {unknown}
Potions
 e - 2 potions of mutation {unknown}
 f - a potion of ambrosia {unknown}
 i - a potion of curing
 l - a potion of haste {unknown}
 m - a potion of attraction {unknown}
 p - 2 potions of might {unknown}
 q - a potion of berserk rage {unknown}


   Skills:
 + Level 6.0 Fighting
 - Level 2.6 Long Blades
 + Level 4.5 Spellcasting
 + Level 4.5 Conjurations
 + Level 4.5 Hexes
 + Level 4.5 Summonings
 + Level 4.5 Necromancy
 + Level 4.5 Translocations
 + Level 4.5 Transmutations
 + Level 4.5 Fire Magic
 + Level 4.5 Ice Magic
 + Level 4.5 Air Magic
 + Level 4.5 Earth Magic
 + Level 4.5 Poison Magic


You knew the following spells:

 Your Spells              Type           Power      Damage    Failure   Level
a - Scorch                Fire           38%        2d6       3%          2
b - Kiss of Death         Conj/Necr      76%        2d11      2%          1
c - Searing Ray           Conj           38%        2d5       3%          2
d - Mephitic Cloud        Conj/Pois/Air  19%        N/A       7%          3
Your spell library was empty.

Dungeon Overview and Level Annotations

Branches:
Dungeon (5/15)             Temple (0/1) D:4

Altars:
Elyvilon
Ru
Zin
The Shining One

Shops:
D:4 =*=([

Annotations:
D:2 1 runed translucent door, Crazy Yiuf


Innate Abilities, Weirdness & Mutations

You are immune to sickness and miasma.
You are immune to poison.
Your flesh is very heat resistant. (rF++)
You are vulnerable to cold. (rC-)
You float through the air rather than walking.
You learn spells naturally, not from books.
Your magical power is your life essence.
You have superior vitality. (+4 MHP)


Message History

Flames lash the scorpion.
You kill the scorpion!
Your Fighting skill increases to level 6!
Casting: Scorch (safe; 3% risk of failure)
Confirm with . or Enter, or press ? or * to list all spells.
Flames lash the iguana.
The iguana is moderately wounded.
The iguana's fire resistance burns away.
The iguana bites you.
You hit the iguana. You burn the iguana.
The iguana is heavily wounded.
The iguana closely misses you.
You hit the iguana. You burn the iguana.
The iguana is severely wounded.
The iguana bites you but does no damage.
The iguana bites you!
You hit the iguana but do no damage.
The iguana is severely wounded.
The iguana is no longer more vulnerable to fire.
The iguana bites you!
* * * LOW HITPOINT WARNING * * *
Casting: Scorch (safe; 3% risk of failure)
Confirm with . or Enter, or press ? or * to list all spells.
Flames lash the iguana.
The iguana is severely wounded.
The iguana's fire resistance burns away.
* * * LOW HITPOINT WARNING * * *
The iguana bites you but does no damage.
Casting: Scorch (safe; 3% risk of failure)
Confirm with . or Enter, or press ? or * to list all spells.
Flames lash the iguana but do no damage.
* * * LOW HITPOINT WARNING * * *
The iguana closely misses you.
Casting: Scorch (safe; 3% risk of failure)
Confirm with . or Enter, or press ? or * to list all spells.
Flames lash the iguana.
The iguana is burned terribly!
The iguana is almost dead.
* * * LOW HITPOINT WARNING * * *
The iguana bites you!
You die...

####.# #.# #.....#
.#...# #.# #####.#
.#.### #.# ###.#
...# #.#####.#.#
..######.........###
......))...........+
..###########....###
..# #.......# #.#
#.###@#.# #.#
#.###l#.# #.# #
#...#.# ... #.###.#
.. #.......#
###.#l$.# #.#...#
#.# ..# ... ....


You could see an iguana (combustible).

Vanquished Creatures
  A black bear (D:5)
  A scorpion (D:5)
  A howler monkey (D:4)
  A jelly (D:4)
  A hound (D:4)
  2 orc priests
  An iguana (D:5)
  3 orc wizards
  2 adders
  3 gnolls (D:4)
  3 worms
  2 dart slugs
  7 orcs
  5 endoplasms
  4 giant cockroaches
  7 goblins
  9 hobgoblins
  7 kobolds
  7 quokkas
  3 ball pythons
  A bat (D:1)
  4 frilled lizards
  4 rats
79 creatures vanquished.

Vanquished Creatures (others)
  13 foxfires (D:4)
13 creatures vanquished.

Grand Total: 92 creatures vanquished

Notes
Turn   | Place    | Note
-------+----------+-------------------------------------------
     0 | D:1      | cforsyth the Djinni Cinder Acolyte began the quest for the
                  | Orb.
     0 | D:1      | cforsyth set off with the following spells memorised:
                  | Scorch.
     0 | D:1      | Reached XP level 1. HP: 20/20 MP: 0/0
   139 | D:1      | Reached XP level 2. HP: 24/25 MP: 0/0
   175 | D:1      | Found a faded altar of an unknown god.
   342 | D:1      | Reached XP level 3. HP: 30/30 MP: 0/0
   342 | D:1      | Learned a level 1 spell: Kiss of Death
  1116 | D:2      | Reached XP level 4. HP: 37/37 MP: 0/0
  1350 | D:2      | Found a runed translucent door.
  1351 | D:2      | Noticed Crazy Yiuf
  1430 | D:2      | Reached skill level 4 in Fighting
  1730 | D:3      | Found a white marble altar of Elyvilon.
  1787 | D:3      | Found a glowing silver altar of Zin.
  2030 | D:3      | Found a glowing golden altar of the Shining One.
  2145 | D:3      | Found a sacrificial altar of Ru.
  2289 | D:4      | Reached XP level 5. HP: 6/42 MP: 0/0
  2289 | D:4      | Learned a level 2 spell: Searing Ray
  2528 | D:4      | Found Kuniput's Jewellery Shoppe.
  2606 | D:4      | Found Igirip Agot's Weapon Shoppe.
  2895 | D:3      | Reached XP level 6. HP: 32/49 MP: 0/0
  2969 | D:3      | Reached skill level 5 in Fighting
  3338 | D:4      | Found Vukionky's Jewellery Emporium.
  3381 | D:4      | Found a staircase to the Ecumenical Temple.
  3677 | D:4      | Found Gifetwoe's Assorted Antiques.
  3759 | D:4      | Found Unucsuc's Antique Armour Boutique.
  4001 | D:5      | Entered Level 5 of the Dungeon
  4053 | D:5      | Noticed a black bear
  4059 | D:5      | Killed a black bear
  4060 | D:5      | Reached XP level 7. HP: 38/54 MP: 0/0
  4060 | D:5      | Learned a level 3 spell: Mephitic Cloud
  4319 | D:5      | Reached skill level 6 in Fighting
  4325 | D:5      | Slain by an iguana

Illustrated notes

Levels and vault maps discovered:
D:1:      elethiomel_arrival_infinity_welcomes_careful_drivers, layout_rooms,
          basic_ecumenical_altar, minmay_distorted
D:2:      layout_loops_ring, uniq_crazy_yiuf_cottage
D:3:      layout_basic, mainiacjoe_overflow_surrounded_room,
          mainiacjoe_overflow_six_doors_small, mainiacjoe_overflow_catwalk,
          nicolae_tso_swordbearing_angel
D:4:      layout_basic, minmay_temple_entry_arrows, serial_shops,
          nicolae_shop_bloodbath_and_beyond, kennysheep_little_box, shop,
          nicolae_lakefront_shop, nicolae_shop_trees
D:5:      layout_loops_corners, nicolae_overflow_hidden_temple,
          supply_closet_lemuel

Skill      XL: |  1  2  3  4  5  6  7 |
---------------+----------------------+-----
Spellcasting   | 3 4 |  4.5
Conjurations   | 3 4 |  4.5
Hexes          | 3 4 |  4.5
Summonings     | 3 4 |  4.5
Necromancy     | 3 4 |  4.5
Translocations | 3 4 |  4.5
Transmutations | 3 4 |  4.5
Fire Magic     | 3 4 |  4.5
Ice Magic      | 3 4 |  4.5
Air Magic      | 3 4 |  4.5
Earth Magic    | 3 4 |  4.5
Poison Magic   | 3 4 |  4.5
Fighting       | 4 5 6 |  6.0
Long Blades    | |  2.6

Action                     |  1- 3 |  4- 6 |  7- 9 || total
---------------------------+-------+-------+-------++-------
  Melee: Falchion          |   114 |   143 |    11 ||   268
         Punch             |     1 |     2 |       ||     3
   Cast: Scorch            |       |    13 |    13 ||    26
 Invoke: Foxfire Swarm     |       |     1 |       ||     1
    Use: Potion            |       |     1 |       ||     1
   Stab: Sleeping          |       |     1 |       ||     1
 Armour: Robe              |    70 |    91 |    14 ||   175
  Dodge: Dodged            |    58 |    72 |     8 ||   138

Table legend: (Time is in decaauts)
 A = Elapsed time spent in this place.
 B = Non-inter-level travel time spent in this place.
 C = Inter-level travel time spent in this place.
 D = Time resting spent in this place.
 E = Time spent auto-exploring this place.
 F = Levels seen in this place.
 G = Mean time per level.
                   A        B        C        D        E       F      G
               +--------+--------+--------+--------+--------+-----+--------+
         Total |   4374 |   4312 |     62 |    810 |   2851 |   5 |  874.8 |
       Dungeon |   4374 |   4312 |     62 |    810 |   2851 |   5 |  874.8 |
               +--------+--------+--------+--------+--------+-----+--------+

Top non-repeatable levels by time:
     D:4: 1183 daAuts
     D:3: 1145 daAuts
     D:2: 1040 daAuts
     D:1: 678 daAuts
     D:5: 327 daAuts
